 Dungeon Crawl Stone Soup version 0.25.1-2-g60ff931df9 (webtiles) character file.

Game seed: 7696878855974367811

4734 selver the Grappler (level 10, -4/76 HPs)
             Began as a Demonspawn Abyssal Knight on Oct 18, 2020.
             Was a High Priest of Lugonu.
             Slain by a two-headed ogre
             ... wielding a +0 giant spiked club
              (20 damage)
             ... on level 9 of the Dungeon.
             The game lasted 00:21:31 (7430 turns).

selver the Grappler (Demonspawn Abyssal Knight)     Turns: 7430, Time: 00:21:31

Health: -4/76      AC: 12    Str: 17    XL:     10   Next: 22%
Magic:  24/24      EV:  9    Int: 13    God:    Lugonu [*****.]
Gold:   332        SH:  0    Dex: 12    Spells: 9/9 levels left

rFire    . . .     SeeInvis .     - Unarmed
rCold    . . .     Gourm    .   (no shield)
rNeg     . . .     Faith    .   t - +3 scale mail
rPois    .         Spirit   .   (helmet restricted)
rElec    .         Reflect  .   d - scarf {+Inv}
rCorr    +         Harm     .   (no gloves)
MR       .....                  z - +2 pair of boots
Stlth    ..........             e - amulet of regeneration
HPRegen  0.62/turn              n - ring of resist corrosion
MPRegen  0.19/turn              w - ring of magical power

@: no status effects
A: claws 2, horns 2
a: Depart the Abyss, Bend Space, Banish, Corrupt, Enter the Abyss, Renounce
Religion, Evoke Invisibility


You were on level 9 of the Dungeon.
You worshipped Lugonu.
Lugonu was extremely pleased with you.
You were hungry.

You visited 1 branch of the dungeon, and saw 9 of its levels.
You visited the Abyss 1 time.

You collected 332 gold pieces.

Inventory:

Hand Weapons
 a - a +2 mace
Armour
 d - a scarf of invisibility (worn)
 t - a +3 scale mail (worn)
 u - a +0 plate armour
 z - a +2 pair of boots (worn)
Jewellery
 e - an amulet of regeneration (around neck)
 n - a ring of resist corrosion (left claw)
 w - a ring of magical power (right claw)
 A - an uncursed amulet of the acrobat {unknown}
Scrolls
 b - 2 scrolls of magic mapping
 f - a scroll of amnesia
 i - 4 scrolls of teleportation
 m - 4 scrolls of remove curse
 s - 2 scrolls of fear
 y - 2 scrolls of enchant weapon
Potions
 g - 4 potions of lignification
 k - 2 potions of brilliance
 q - a potion of curing
 r - a potion of mutation {unknown}
 x - 3 potions of haste
 B - a potion of berserk rage {unknown}
 C - a potion of flight {unknown}
 D - a potion of resistance {unknown}
 E - a potion of magic {unknown}
Comestibles
 c - 23 rations


   Skills:
 + Level 6.0 Fighting
 - Level 5.0 Maces & Flails
 - Level 1.7 Armour
 - Level 0.8 Dodging
 * Level 10.8 Unarmed Combat
 - Level 7.3 Invocations


You had 9 spell levels left.
You didn't know any spells.
Your spell library contained the following spells:

 Spells                   Type           Power        Failure   Level  Hunger
 Summon Small Mammal      Summ           #...         71%         1    ##.....
 Call Imp                 Summ           #.......     85%         2    ###....
 Call Canine Familiar     Summ           #.......     97%         3    ####...
 Summon Guardian Golem    Hex/Summ       #.......     97%         3    ####...
 Summon Ice Beast         Ice/Summ       #.......     100%        4    #####..
 Summon Lightning Spire   Summ/Air       #.......     100%        4    #####..
 Bolt of Magma            Conj/Fire/Erth #.........   100%        5    ######.
 Iskenderun's Battlesphe  Conj/Chrm      #.......     100%        5    ######.
 Iron Shot                Conj/Erth      #.........   100%        6    #######
 Orb of Destruction       Conj           #.........   100%        7    #######
 Spellforged Servitor     Conj/Summ      #.........   100%        7    #######


Dungeon Overview and Level Annotations

Branches:
Dungeon (9/15)             Temple (0/1) D:5
   Lair: D:8-11         Orc: D:9-12

Altars:
Cheibriados
Vehumet
Wu Jian
Yredelemnul


Innate Abilities, Weirdness & Mutations

You have very sharp fingernails.
You have a pair of horns on your head.


Message History

The two-headed ogre hits you with a +0 giant spiked club.
The two-headed ogre hits you but does no damage.
You are too injured to fight recklessly!
You are too injured to fight recklessly!
You are too injured to fight recklessly!
You barely miss the two-headed ogre.
The two-headed ogre is heavily wounded.
You completely miss the two-headed ogre.
You headbutt the two-headed ogre.
The two-headed ogre is severely wounded.
The two-headed ogre closely misses you.
The two-headed ogre hits you but does no damage.
You claw the two-headed ogre! You headbutt the two-headed ogre.
The two-headed ogre is almost dead.
You scratch the two-headed ogre but do no damage.
The two-headed ogre is almost dead.
The two-headed ogre hits you with a +0 giant spiked club!!
* * * LOW HITPOINT WARNING * * *
The two-headed ogre hits you with a +0 giant spiked club!!
You die...

.....##............#
.<.........).......#
.....##......#.....#
............#.....#
....##......####...
..# ####.### #.. .
#..# ...
######.#######.....
.........!..@O......
#..####.####......$.
#.. #..##..## #..
..## ... .... ..# .
#....... #....... ##
##..#


You could see a two-headed ogre.

Vanquished Creatures
  A centaur warrior (D:8)
  A hornet (D:8)
  Prince Ribbit (D:5)
  Sigmund (D:5)
  3 hogs (D:7)
  A yak (D:7)
  A human (D:7)
  A water moccasin (D:8)
  A sky beast (D:7)
  2 phantoms
  An orc warrior (D:6)
  A necrophage (D:8)
  4 ogres
  A crocodile (D:8)
  2 centaurs (D:5)
  2 big kobolds
  A gnoll sergeant (D:8)
  A scorpion (D:4)
  6 crimson imps
  2 bullfrog zombies
  8 orc wizards
  3 hounds
  5 orc priests
  A bullfrog skeleton (D:8)
  An iron imp (D:5)
  3 centaur skeletons
  3 iguanas
  7 worker ants
  A hound skeleton (D:4)
  3 worker ant zombies
  7 adders
  10 gnolls
  A shadow imp (D:5)
  A white imp (D:6)
  An adder skeleton (D:5)
  A worm (D:3)
  3 dart slugs
  6 leopard geckos
  31 orcs
  5 bats
  3 giant cockroaches
  7 goblins
  8 hobgoblins
  16 jackals
  5 quokkas
  A ball python (D:1)
  7 frilled lizards
  A jackal skeleton (D:5)
  19 kobolds
  6 rats
208 creatures vanquished.

Notes
Turn   | Place    | Note
-------+----------+-------------------------------------------
     0 | Abyss:1  | selver the Demonspawn Abyssal Knight began the quest for
                  | the Orb.
     0 | Abyss:1  | Reached XP level 1. HP: 18/18 MP: 2/2
     2 | D:1      | Escaped the Abyss
   351 | D:1      | Gained mutation: You have a pair of small horns on your
                  | head. [demonic ancestry]
   351 | D:1      | Reached XP level 2. HP: 17/24 MP: 3/3
   491 | D:1      | Reached * piety under Lugonu
  1149 | D:2      | Reached XP level 3. HP: 21/29 MP: 4/4
  1269 | D:2      | Gained mutation: You have a pair of horns on your head.
                  | [demonic ancestry]
  1269 | D:2      | Reached XP level 4. HP: 24/35 MP: 5/5
  1808 | D:3      | Reached ** piety under Lugonu
  1911 | D:3      | Gained mutation: You have sharp fingernails. [demonic
                  | ancestry]
  1911 | D:3      | Reached XP level 5. HP: 41/41 MP: 6/6
  1919 | D:3      | Reached skill level 5 in Maces & Flails
  2244 | D:3      | Reached skill level 1 in Unarmed Combat
  2755 | D:4      | Reached skill level 2 in Unarmed Combat
  2825 | D:4      | Reached XP level 6. HP: 47/47 MP: 7/7
  2952 | D:4      | Reached skill level 3 in Unarmed Combat
  3404 | D:5      | Entered Level 5 of the Dungeon
  3412 | D:5      | Reached skill level 4 in Unarmed Combat
  3426 | D:5      | Reached *** piety under Lugonu
  3473 | D:5      | Reached XP level 7. HP: 25/52 MP: 8/8
  3542 | D:5      | Found a snail-covered altar of Cheibriados.
  3591 | D:5      | Reached skill level 5 in Unarmed Combat
  3664 | D:5      | Found a staircase to the Ecumenical Temple.
  3664 | D:5      | Noticed Sigmund
  3734 | D:5      | Killed Sigmund
  3734 | D:5      | Reached skill level 6 in Unarmed Combat
  3786 | D:5      | Found an ornate altar of the Wu Jian Council.
  4029 | D:5      | Reached XP level 8. HP: 42/58 MP: 11/11
  4072 | D:5      | Found a radiant altar of Vehumet.
  4075 | D:5      | Noticed Prince Ribbit
  4154 | D:5      | Killed Prince Ribbit
  4154 | D:5      | Reached skill level 5 in Invocations
  4243 | D:5      | Reached skill level 7 in Unarmed Combat
  4693 | D:6      | Reached **** piety under Lugonu
  5175 | D:6      | Reached skill level 8 in Unarmed Combat
  5482 | D:7      | Found a basalt altar of Yredelemnul.
  5608 | D:7      | Gained mutation: You have very sharp fingernails. [demonic
                  | ancestry]
  5608 | D:7      | Reached XP level 9. HP: 60/63 MP: 14/14
  5964 | D:7      | Reached skill level 9 in Unarmed Combat
  6639 | D:8      | Reached skill level 5 in Fighting
  6639 | D:8      | Reached skill level 10 in Unarmed Combat
  6643 | D:8      | Reached ***** piety under Lugonu
  6999 | D:8      | Reached XP level 10. HP: 59/74 MP: 15/15
  7185 | D:8      | Noticed a centaur warrior
  7194 | D:8      | Killed a centaur warrior
  7420 | D:9      | Noticed a two-headed ogre
  7430 | D:9      | Slain by a two-headed ogre

Illustrated notes

Levels and vault maps discovered:
D:1:      lightli_arrival_windingriver, layout_loops_corners
D:2:      layout_loops_cross, hangedman_decor_clover_reticule
D:3:      layout_basic
D:4:      layout_loops_ring, serial_park_tiny_2, hex_tiny
D:5:      layout_loops_ring, lemuel_crystal_altar, slow_altar_2,
          kennysheep_mini_moat, minmay_temple_entry_sparse_star, first_ration,
          small_statue_intersection, uniq_prince_ribbit1, uniq_sigmund
D:6:      layout_gridville, minmay_fire_ice_demons
D:7:      layout_loops_ring, basic_altar, grunt_livestock,
          kennysheep_generic_room_3
D:8:      layout_basic
D:9:      minmay_twisted_water, layout_rooms, minmay_overflow_temple_star_quad,
          basic_altar, palyth_stone_intersect

Skill      XL: |  1  2  3  4  5  6  7  8  9 10 |
---------------+-------------------------------+-----
Maces & Flails | 2 3 4 5 |  5.0
Unarmed Combat | 2 4 6 8 10 | 10.8
Invocations    | 4 7 |  7.3
Fighting       | 5 6 |  6.0
Armour         | |  1.7
Dodging        | |  0.8

Action                   |  1- 3 |  4- 6 |  7- 9 | 10-12 || total
-------------------------+-------+-------+-------+-------++-------
Melee: Mace              |    90 |    88 |       |       ||   178
       Headbutt          |     5 |    40 |    63 |     4 ||   112
       Unarmed           |       |   195 |   425 |    37 ||   657
       Punch             |       |       |     7 |     1 ||     8
Invok: Depart the Abyss  |     1 |       |       |       ||     1
       Bend Space        |       |       |     1 |       ||     1
  Use: Scroll            |       |     4 |    13 |       ||    17
       Potion            |       |     2 |     3 |       ||     5
  Eat: Chunk             |     1 |     8 |    11 |     1 ||    21
Armor: Leather armour    |    24 |     1 |       |       ||    25
       Scale mail        |       |   144 |   164 |    13 ||   321
Dodge: Dodged            |    62 |   123 |   153 |    19 ||   357
